[Event "Titled Tuesday Blitz November 14 Early 2023"]
[White "Mazzilli, Piero"]
[Black "Postlmayer, Jakob"]
[WhiteFideId "807087"]
[BlackFideId "1643622"]
[WhiteElo "2319"]
[BlackElo "2528"]
[Result "0-1"]
[Round "2"]
[TimeControl "180+1"]
[Date "2023.11.14"]
[WhiteClock "0:00:08"]
[BlackClock "0:01:32"]
[Board "171"]

1. d4 Nf6 2. Nc3 d5 3. Bg5 c5 4. e3 Nc6 5. Nf3 cxd4 6. exd4 Bg4 7. Be2 e6 8. Ne5 Bxe2 9. Nxe2 Be7 10. O-O O-O 11. c3 Ne4 12. Bxe7 Qxe7 13. Nxc6 bxc6 14. Ng3 Nd6 15. Re1 Rab8 16. Re2 Rfc8 17. b4 a5 18. a3 Nc4 19. Nf1 Ra8 20. Ne3 Nxe3 21. fxe3 f5 22. Rf2 Qg5 23. Rf4 Ra6 24. Qf1 Rca8 25. Rb1 axb4 26. axb4 Ra2 27. Kh1 Rc2 28. Rc1 Raa2 29. Rxc2 Rxc2 30. g4 Qh4 31. Qg1 g5 32. gxf5 Rxh2+ 33. Qxh2 Qxh2+ 34. Kxh2 gxf4 35. fxe6 fxe3 36. Kg3 Kf8 37. Kf3 Ke7 38. Kxe3 Kxe6 39. Kf4 Kf6 40. Kg4 Kg6 41. c4 dxc4 42. d5 c3 43. d6 Kf6 0-1


[Site "https://www.chess.com"]

[Event "Titled Tuesday Blitz November 14 Early 2023"]
[White "Herman, Matthew"]
[Black "Zivic, Dragan"]
[WhiteFideId "2028964"]
[BlackFideId "904740"]
[WhiteElo "2526"]
[BlackElo "2318"]
[Result "1/2-1/2"]
[Round "2"]
[TimeControl "180+1"]
[Date "2023.11.14"]
[WhiteClock "0:00:03"]
[BlackClock "0:01:26"]
[Board "172"]

1. e4 c6 2. d4 d5 3. e5 Bf5 4. c4 e6 5. Nc3 Bb4 6. Qb3 c5 7. a3 Bxc3+ 8. bxc3 Qb6 9. Qb5+ Qxb5 10. cxb5 c4 11. a4 a5 12. Ba3 b6 13. Kd2 Nd7 14. Be2 h5 15. h4 f6 16. f4 Ne7 17. Re1 Kf7 18. Bf3 Rae8 19. Ne2 Bg4 20. Bxg4 hxg4 21. Ng3 f5 22. h5 Rh6 23. Ke3 Reh8 24. Bd6 Nc8 25. Ba3 Nf8 26. Kf2 g6 27. Bxf8 Kxf8 28. hxg6 Rxh1 29. Rxh1 Rxh1 30. Nxh1 Kg7 31. Kg3 Kxg6 32. Kh4 Ne7 33. Nf2 Kh6 34. Kg3 Ng6 35. Nd1 Kg7 36. Ne3 1/2-1/2


[Site "https://www.chess.com"]

[Event "Titled Tuesday Blitz November 14 Early 2023"]
[White "rikchessmx"]
[Black "Soham Kamotra"]
[BlackFideId "46647490"]
[WhiteElo "2316"]
[BlackElo "2526"]
[Result "1-0"]
[Round "2"]
[TimeControl "180+1"]
[Date "2023.11.14"]
[WhiteClock "0:00:30"]
[BlackClock "0:00:00"]
[Board "173"]

1. e4 b6 2. d4 Bb7 3. Nc3 g6 4. f3 Bg7 5. Bc4 e6 6. Bb3 Ne7 7. Bg5 h6 8. Be3 d5 9. Qd2 Nd7 10. Nge2 c5 11. dxc5 Nxc5 12. exd5 Nxd5 13. Nxd5 Nxb3 14. axb3 Qxd5 15. Qxd5 Bxd5 16. Bd4 e5 17. Bc3 Ke7 18. Nf4 Bb7 19. O-O-O Rhd8 20. Nd3 f6 21. Rhe1 Kf7 22. Rd2 Rd5 23. Red1 Rad8 24. Nf2 h5 25. Rxd5 Rxd5 26. Rxd5 Bxd5 27. Bd2 Ke6 28. c4 Bc6 29. Kc2 g5 30. h3 Bf8 31. b4 Be7 32. Kd3 a6 33. Ke2 f5 34. g4 e4 35. fxe4 fxg4 36. hxg4 hxg4 37. Nxg4 Bxe4 38. Nf2 Bb1 39. Bc3 Kf5 40. Kf3 Ba2 41. Ng4 Bd6 42. Ne3+ Ke6 43. Kg4 Bf4 44. Nd5 Bc1 45. Nxb6 Bb3 46. c5 Bd1+ 47. Kg3 Bf4+ 48. Kg2 g4 49. Nc4 Bf3+ 50. Kf2 Bd5 51. Nd2 g3+ 52. Ke2 g2 53. Bd4 Kf5 54. Nf3 Kg4 55. Ng1 1-0


[Site "https://www.chess.com"]

[Event "Titled Tuesday Blitz November 14 Early 2023"]
[White "Ben Artzi, Ido"]
[Black "Maect19"]
[WhiteFideId "2810913"]
[WhiteElo "2526"]
[BlackElo "2314"]
[Result "1-0"]
[Round "2"]
[TimeControl "180+1"]
[Date "2023.11.14"]
[WhiteClock "0:00:37"]
[BlackClock "0:00:42"]
[Board "174"]

1. d4 d5 2. c4 c6 3. cxd5 cxd5 4. Bf4 Nf6 5. Nc3 Qb6 6. e3 Bf5 7. Bb5+ Nbd7 8. Nge2 e6 9. O-O a6 10. Bd3 Bxd3 11. Qxd3 Bd6 12. Na4 Qc7 13. Rfc1 Qb8 14. b4 O-O 15. Nc5 Bxf4 16. Nxf4 a5 17. Qb5 Nxc5 18. bxc5 Qc7 19. Rab1 Rfb8 20. Nd3 Ne4 21. Rb2 f6 22. f3 Ng5 23. Qb6 Qc6 24. Rcb1 Qa4 25. h4 Nf7 26. Qxe6 Qc4 27. Rxb7 Rxb7 28. Rxb7 Rf8 29. Nf4 g6 30. Nxd5 Kg7 31. Qxf6+ Kh6 32. Rxf7 1-0


[Site "https://www.chess.com"]

[Event "Titled Tuesday Blitz November 14 Early 2023"]
[White "vishwa_vijeta"]
[Black "Malikova777"]
[WhiteElo "2525"]
[BlackElo "2312"]
[Result "1-0"]
[Round "2"]
[TimeControl "180+1"]
[Date "2023.11.14"]
[WhiteClock "0:02:31"]
[BlackClock "0:02:11"]
[Board "175"]

1. e4 c6 2. d4 d5 3. Nd2 dxe4 4. Nxe4 Bf5 5. Ng3 Bg6 6. h4 h6 7. Nf3 Nd7 8. h5 Bh7 9. Bd3 Bxd3 10. Qxd3 e6 11. Bd2 Ngf6 12. O-O-O Be7 13. Kb1 Qb6 14. Ne4 Nxe4 15. Qxe4 Nf6 16. Qe2 O-O-O 17. Ne5 Rhf8 18. Nxf7 Rxd4 19. Qxe6+ Rd7 20. Ne5 Ba3 21. Bc3 Nd5 22. Qxd7+ Kb8 23. Qxd5 cxd5 24. Nd7+ Kc7 25. Nxb6 axb6 26. bxa3 1-0


[Site "https://www.chess.com"]

[Event "Titled Tuesday Blitz November 14 Early 2023"]
[White "Kubicka, Anna"]
[Black "VOneChess"]
[WhiteFideId "1152254"]
[WhiteElo "2523"]
[BlackElo "2309"]
[Result "0-1"]
[Round "2"]
[TimeControl "180+1"]
[Date "2023.11.14"]
[WhiteClock "0:00:03"]
[BlackClock "0:00:13"]
[Board "176"]

1. e4 d5 2. exd5 Nf6 3. Bb5+ Bd7 4. Bxd7+ Qxd7 5. Nf3 Qxd5 6. O-O Nc6 7. Nc3 Qf5 8. d4 O-O-O 9. Be3 e6 10. Qe2 Bd6 11. h3 g5 12. Bxg5 Rhg8 13. Qe3 h6 14. Bxf6 Bf4 15. Bxd8 Qxh3 16. g3 Bxe3 17. fxe3 Qxg3+ 18. Kh1 Qg2# 0-1


[Site "https://www.chess.com"]

[Event "Titled Tuesday Blitz November 14 Early 2023"]
[White "Manukian, Artak"]
[Black "Iunusovnuriddin"]
[WhiteFideId "13301373"]
[WhiteElo "2521"]
[BlackElo "2308"]
[Result "1-0"]
[Round "2"]
[TimeControl "180+1"]
[Date "2023.11.14"]
[WhiteClock "0:01:56"]
[BlackClock "0:01:34"]
[Board "177"]

1. e4 e5 2. Nf3 Nc6 3. d4 exd4 4. Nxd4 Qh4 5. Nb5 Qxe4+ 6. Be2 Bb4+ 7. N1c3 Bxc3+ 8. bxc3 Kd8 9. O-O a6 10. Bf3 Qf5 11. Bxc6 bxc6 12. Nd4 Qg6 13. Re1 Ne7 14. Ba3 Nd5 15. c4 Nb6 16. Qe2 d6 17. Qe7# 1-0


[Site "https://www.chess.com"]

[Event "Titled Tuesday Blitz November 14 Early 2023"]
[White "LeoWin2012"]
[Black "Reprintsev, Alexander"]
[BlackFideId "14100541"]
[WhiteElo "2305"]
[BlackElo "2521"]
[Result "0-1"]
[Round "2"]
[TimeControl "180+1"]
[Date "2023.11.14"]
[WhiteClock "0:00:05"]
[BlackClock "0:00:14"]
[Board "179"]

1. e4 d5 2. exd5 Qxd5 3. d4 Nc6 4. Nf3 Bg4 5. Be2 O-O-O 6. Be3 e5 7. Nc3 Bb4 8. Nxe5 Bxe2 9. Qxe2 Nxe5 10. dxe5 Bxc3+ 11. bxc3 Qxg2 12. Qf1 Qe4 13. Qh3+ Kb8 14. O-O Ne7 15. Rfe1 Qxc2 16. Rab1 Nc6 17. Qf3 Qg6+ 18. Kh1 b6 19. e6 Ne5 20. Qe2 Qe4+ 21. Kg1 Nf3+ 22. Kf1 Nxh2+ 23. Kg1 Nf3+ 24. Kf1 Nxe1 25. Kxe1 Qxe6 26. Qa6 Rd6 27. Rb3 Qc8 28. Qa4 Rhd8 29. Ra3 Rd1+ 30. Ke2 a5 31. Qc4 h5 32. Rb3 Qg4+ 33. Qxg4 hxg4 34. Bf4 Kb7 35. Rb2 R1d7 36. Be3 f5 37. Rb1 Re8 38. Kf1 Rd3 39. Bf4 Re4 40. Bg3 f4 41. Bh4 Rxc3 42. Kg2 Re2 43. Kf1 Rcc2 44. Kg2 g3 45. Kh3 Rxf2 46. a4 Rc6 47. Kg4 Rg6+ 48. Kf5 Rh6 49. Bg5 Rh5 50. Kg4 Rxg5+ 51. Kxg5 g2 52. Rg1 f3 53. Kg4 Rf1 54. Rxf1 gxf1=Q 55. Kg3 Qg2+ 56. Kh4 f2 57. Kh5 f1=Q 58. Kh4 Qfh1# 0-1


[Site "https://www.chess.com"]

[Event "Titled Tuesday Blitz November 14 Early 2023"]
[White "Bobomurodova, Maftuna"]
[Black "Shubenkova, Veronika"]
[WhiteFideId "14207400"]
[BlackFideId "44124040"]
[WhiteElo "2305"]
[BlackElo "2519"]
[Result "1-0"]
[Round "2"]
[TimeControl "180+1"]
[Date "2023.11.14"]
[WhiteClock "0:00:30"]
[BlackClock "0:00:04"]
[Board "180"]

1. e4 c5 2. Nf3 e6 3. Qe2 Nc6 4. g3 Nf6 5. Bg2 Be7 6. O-O d5 7. e5 Nd7 8. c3 a5 9. d3 b5 10. Nbd2 Ba6 11. Re1 O-O 12. h4 b4 13. Nf1 bxc3 14. bxc3 a4 15. N1h2 Qa5 16. Bd2 Rab8 17. h5 Rb2 18. h6 g6 19. Ng4 Rfb8 20. Qe3 d4 21. cxd4 cxd4 22. Qf4 Qd8 23. Bc1 Rc2 24. Nxd4 Nxd4 25. Qxd4 Bc5 26. Qf4 Bb7 27. Be3 Bxg2 28. Kxg2 Be7 29. d4 Qa5 30. Red1 Qd5+ 31. Qf3 Nb6 32. Rdc1 Rbc8 33. Rxc2 Rxc2 34. Rb1 Bd8 35. Nf6+ Bxf6 36. Rxb6 Be7 37. Rb8+ Bf8 38. Bg5 Qd7 39. Qa8 Rxf2+ 40. Kxf2 Qxd4+ 41. Be3 Qb2+ 42. Rxb2 1-0


[Site "https://www.chess.com"]

[Event "Titled Tuesday Blitz November 14 Early 2023"]
[White "Pumpkin_in_moonlight"]
[Black "Grossboss19"]
[WhiteElo "2302"]
[BlackElo "2518"]
[Result "1-0"]
[Round "2"]
[TimeControl "180+1"]
[Date "2023.11.14"]
[WhiteClock "0:00:05"]
[BlackClock "0:00:03"]
[Board "181"]

1. e4 c5 2. Nf3 d6 3. Bb5+ Bd7 4. a4 Nf6 5. Nc3 a6 6. Bc4 e6 7. O-O Nc6 8. d4 cxd4 9. Nxd4 Be7 10. Be3 O-O 11. f4 Rc8 12. Be2 Nxd4 13. Bxd4 Bc6 14. Bf3 Nd7 15. a5 e5 16. Be3 exf4 17. Bxf4 Ne5 18. Nd5 Bxd5 19. exd5 Bf6 20. c3 Re8 21. Kh1 Nc4 22. Qb3 Nxa5 23. Rxa5 Qxa5 24. Bxd6 Qd8 25. Bg3 Qd7 26. h3 Rcd8 27. Rd1 Be5 28. Bh4 Rc8 29. c4 Bb8 30. d6 Rcd8 31. Bxd8 Rxd8 32. c5 b5 33. Bd5 Ba7 34. Rf1 Rf8 35. Qc2 g6 36. Qc3 b4 37. Qxb4 Rc8 38. c6 Qd8 39. d7 Rb8 40. Bxf7+ Kg7 41. Qc3+ Kh6 42. Qd2+ Kg7 43. Be6 Bc5 44. Qc3+ Kh6 45. Qxc5 Qh4 46. Qc1+ Kg7 47. Qc3+ Kh6 48. Qf6 Qxf6 49. Rxf6 Rxb2 50. d8=Q Rb1+ 51. Kh2 Rb4 52. Qf8+ Kg5 53. Qxb4 Kxf6 54. c7 Kg5 55. c8=Q h5 56. Qd2+ Kh4 57. Qcd8+ g5 58. g3# 1-0


[Site "https://www.chess.com"]

[Event "Titled Tuesday Blitz November 14 Early 2023"]
[White "HeroRubiksCube"]
[Black "SicilianPanzer"]
[WhiteElo "2518"]
[BlackElo "2302"]
[Result "1-0"]
[Round "2"]
[TimeControl "180+1"]
[Date "2023.11.14"]
[WhiteClock "0:00:04"]
[BlackClock "0:00:03"]
[Board "182"]

1. e4 c5 2. Nf3 Nc6 3. Bb5 d6 4. O-O Bd7 5. d4 cxd4 6. Nxd4 Nf6 7. Bxc6 bxc6 8. Qf3 g6 9. Nc3 Rc8 10. Bg5 Bg7 11. Rfe1 Qa5 12. e5 dxe5 13. Nb3 Qc7 14. Ne4 Nxe4 15. Qxe4 Bf5 16. Qb4 h6 17. Bh4 Rb8 18. Qc5 Rb5 19. Qc3 O-O 20. Bg3 Rd8 21. Rad1 Rbd5 22. Rxd5 Rxd5 23. Nc5 Qd6 24. b4 Rd1 25. h3 Bxc2 26. Kh2 Rxe1 27. Qxe1 h5 28. Qe2 Bf5 29. Qa6 Qd4 30. h4 Bf6 31. Qxa7 Qxb4 32. Qa8+ Kg7 33. Qxc6 Bxh4 34. Bxe5+ Bf6 35. Bxf6+ exf6 36. Nb3 Qf4+ 37. Kg1 Be4 38. Qc3 Qg4 39. f3 Qg3 40. Nd2 Bf5 41. Nf1 Qd6 42. Ne3 Bd3 43. a4 Ba6 44. a5 Kh7 45. Kf2 f5 46. g3 h4 47. gxh4 Qh2+ 48. Ng2 Qd6 49. f4 Qd5 50. Ne3 Qe4 51. Qe5 Qd3 52. Nd5 Qf1+ 53. Ke3 Qe1+ 54. Kd4 Qa1+ 55. Nc3 Qa3 56. Qc5 Qc1 57. Nd5 Qd2+ 58. Ke5 Be2 59. Nf6+ Kg7 60. Qd4 Qxa5+ 61. Nd5 Bf3 62. Kd6+ Kg8 63. Ne7+ Kf8 64. Qh8# 1-0


[Site "https://www.chess.com"]

[Event "Titled Tuesday Blitz November 14 Early 2023"]
[White "Larina, Maria"]
[Black "Rietze, Clemens, Dr."]
[WhiteFideId "24113182"]
[BlackFideId "24620351"]
[WhiteElo "2301"]
[BlackElo "2517"]
[Result "0-1"]
[Round "2"]
[TimeControl "180+1"]
[Date "2023.11.14"]
[WhiteClock "0:01:24"]
[BlackClock "0:02:05"]
[Board "183"]

1. e4 c5 2. Nc3 Nc6 3. g3 g6 4. Bg2 Bg7 5. d3 Rb8 6. Be3 d6 7. Qd2 b5 8. Nf3 Nd4 9. b4 Nxf3+ 10. Bxf3 cxb4 11. d4 bxc3 12. Qxc3 Bd7 13. O-O Qc8 14. Qd2 Bg4 15. Bg2 h5 16. f3 Bh3 17. Rab1 Bxg2 18. Kxg2 Nf6 19. e5 Nd5 20. Bg5 O-O 21. Rb3 Re8 22. f4 Qc6 23. Kg1 Rbc8 24. Rf2 Nc3 25. Qe3 Nd1 26. Qe2 Nxf2 0-1


[Site "https://www.chess.com"]

[Event "Titled Tuesday Blitz November 14 Early 2023"]
[White "Pinto, Daniel"]
[Black "Osmonbekov, Talaibek"]
[WhiteFideId "3303144"]
[BlackFideId "2017253"]
[WhiteElo "2517"]
[BlackElo "2299"]
[Result "0-1"]
[Round "2"]
[TimeControl "180+1"]
[Date "2023.11.14"]
[WhiteClock "0:01:01"]
[BlackClock "0:01:18"]
[Board "184"]

1. Nf3 c5 2. g3 Nc6 3. Bg2 f5 4. O-O Nf6 5. c4 e5 6. d3 d6 7. Nc3 Be7 8. Ne1 O-O 9. Rb1 Kh8 10. a3 a5 11. Nc2 Qe8 12. Nd5 Nxd5 13. Bxd5 f4 14. e3 Bh3 15. Re1 Qg6 16. exf4 exf4 17. Bxc6 bxc6 18. Rxe7 Qf6 19. Re2 fxg3 20. hxg3 Rae8 21. Rxe8 Qxf2+ 22. Kh1 Qg2# 0-1


[Site "https://www.chess.com"]

[Event "Titled Tuesday Blitz November 14 Early 2023"]
[White "Buscar, Michael"]
[Black "Olsson, Linus"]
[WhiteFideId "2603616"]
[BlackFideId "1706098"]
[WhiteElo "2286"]
[BlackElo "2516"]
[Result "0-1"]
[Round "2"]
[TimeControl "180+1"]
[Date "2023.11.14"]
[WhiteClock "0:00:18"]
[BlackClock "0:01:25"]
[Board "185"]

1. e4 e5 2. Nf3 Nc6 3. Bb5 a6 4. Ba4 Nf6 5. O-O Bc5 6. Re1 b5 7. Bb3 d6 8. c3 h6 9. a4 Rb8 10. d3 O-O 11. Nbd2 Ng4 12. Re2 Kh8 13. h3 Nxf2 14. Rxf2 Bxf2+ 15. Kxf2 f5 16. Kg1 Ne7 17. axb5 axb5 18. Qe1 Ng6 19. Qg3 Nf4 20. Kh2 b4 21. Bc2 Qf6 22. exf5 Bxf5 23. Ne4 Bxe4 24. dxe4 Ne2 25. Qh4 Qxh4 26. Nxh4 Rf1 27. Ra7 Rxc1 28. Bb3 bxc3 29. bxc3 Rxb3 0-1


[Site "https://www.chess.com"]

[Event "Titled Tuesday Blitz November 14 Early 2023"]
[White "Purtseladze, Maka"]
[Black "Novikova, Anna"]
[WhiteFideId "13602659"]
[BlackFideId "4146794"]
[WhiteElo "2514"]
[BlackElo "2286"]
[Result "1-0"]
[Round "2"]
[TimeControl "180+1"]
[Date "2023.11.14"]
[WhiteClock "0:00:15"]
[BlackClock "0:00:05"]
[Board "186"]

1. b3 e5 2. Bb2 Nc6 3. e3 d5 4. Bb5 f6 5. f4 exf4 6. exf4 Bf5 7. Qe2+ Qe7 8. Bxc6+ bxc6 9. d3 Nh6 10. Nd2 Kd7 11. Qxe7+ Bxe7 12. h3 Bd6 13. Ne2 Rhe8 14. Kf2 Re7 15. Nf3 Rae8 16. Nfd4 Bg6 17. Rae1 Nf5 18. Nxf5 Bxf5 19. g4 Bg6 20. f5 Bf7 21. Bc1 Bb4 22. c3 Ba5 23. b4 Bb6+ 24. d4 a5 25. a3 axb4 26. axb4 Ra8 27. Nf4 Rae8 28. Rxe7+ Rxe7 29. Nd3 h5 30. Bf4 Re8 31. Ra1 Rh8 32. Kg2 hxg4 33. hxg4 Rh4 34. Kg3 Rh8 35. Re1 Rg8 36. g5 fxg5 37. Bxg5 g6 38. f6 Be6 39. Ne5+ Kd6 40. Bf4 Rf8 41. Nxg6+ 1-0


[Site "https://www.chess.com"]

[Event "Titled Tuesday Blitz November 14 Early 2023"]
[White "Tifferet, Shaked"]
[Black "remyrushbrooke"]
[WhiteFideId "2811529"]
[WhiteElo "2514"]
[BlackElo "2280"]
[Result "1-0"]
[Round "2"]
[TimeControl "180+1"]
[Date "2023.11.14"]
[WhiteClock "0:01:01"]
[BlackClock "0:00:16"]
[Board "187"]

1. e4 e5 2. Nf3 Nf6 3. Nc3 Nc6 4. Be2 d5 5. exd5 Nxd5 6. O-O Nxc3 7. bxc3 Bd6 8. d4 e4 9. Nd2 f5 10. Nc4 O-O 11. Nxd6 Qxd6 12. f4 Be6 13. a4 Na5 14. Ba3 Qc6 15. Bxf8 Rxf8 16. Qe1 Nc4 17. Rf2 Bd5 18. Bxc4 Qxc4 19. Qe3 b6 20. h3 Kh8 21. Kh2 g6 22. g4 a5 23. Rg2 Qc6 24. gxf5 Rxf5 25. Rg5 Qf6 26. Rxf5 Qxf5 27. Rg1 h6 28. Rg4 Kh7 29. Rg3 Qd7 30. Qe2 Qxa4 31. f5 gxf5 32. Qh5 Qc6 33. Qxf5+ Kh8 34. Qe5+ Kh7 35. Qg7# 1-0


[Site "https://www.chess.com"]

[Event "Titled Tuesday Blitz November 14 Early 2023"]
[White "Nilsen, Tobias Lang"]
[Black "Alahakoon, Isuru"]
[WhiteFideId "1521624"]
[BlackFideId "9900993"]
[WhiteElo "2513"]
[BlackElo "2277"]
[Result "1-0"]
[Round "2"]
[TimeControl "180+1"]
[Date "2023.11.14"]
[WhiteClock "0:00:59"]
[BlackClock "0:00:04"]
[Board "188"]

1. e4 d5 2. exd5 Qxd5 3. Nc3 Qa5 4. Bc4 Nf6 5. d4 Bg4 6. Nf3 Nc6 7. O-O O-O-O 8. d5 e6 9. h3 Bh5 10. Bd2 exd5 11. Bd3 Qc5 12. b4 Nxb4 13. Rb1 Nxd3 14. cxd3 d4 15. Ne4 Nxe4 16. dxe4 Bxf3 17. Qxf3 f6 18. Rfc1 Qd6 19. Bf4 Qd7 20. Bxc7 Qxc7 21. e5 Qxc1+ 22. Rxc1+ Kb8 23. exf6 gxf6 24. Qxf6 Bd6 25. Rb1 d3 26. g3 d2 27. Qb2 Bb4 28. Qxb4 d1=Q+ 29. Rxd1 Rxd1+ 30. Kg2 Rd7 31. h4 Rhd8 32. h5 Rd2 33. Qf4+ Ka8 34. a3 a6 35. Qf5 h6 36. Qf4 R2d6 37. g4 Rd4 38. Qf5 Rg8 39. f3 Re8 40. Qf6 Re2+ 41. Kg3 Rd3 42. Qxh6 Ree3 43. Qf4 Rxa3 44. h6 Re2 45. Qf8+ 1-0


[Site "https://www.chess.com"]

[Event "Titled Tuesday Blitz November 14 Early 2023"]
[White "Rasmussen, Casper"]
[Black "Cristi_Coca"]
[WhiteFideId "1402005"]
[WhiteElo "2275"]
[BlackElo "2512"]
[Result "0-1"]
[Round "2"]
[TimeControl "180+1"]
[Date "2023.11.14"]
[WhiteClock "0:00:25"]
[BlackClock "0:01:40"]
[Board "189"]

1. c4 Nf6 2. g3 g6 3. Bg2 Bg7 4. Nc3 O-O 5. d3 d6 6. Bg5 h6 7. Bxf6 Bxf6 8. Nf3 e5 9. O-O Bg7 10. Rb1 a5 11. a3 Nc6 12. b4 axb4 13. axb4 f5 14. b5 Ne7 15. e3 g5 16. d4 Be6 17. dxe5 dxe5 18. Qe2 e4 19. Nd4 Bxd4 20. exd4 Qxd4 21. Nd5 Bxd5 22. cxd5 Nxd5 23. Qh5 Qf6 24. Rfc1 g4 25. Bf1 Kg7 26. Rc5 Rad8 27. Bc4 Qe5 28. Qh4 b6 29. Rc6 Nf6 30. Re6 Qc5 31. Ba2 Rd2 0-1


[Site "https://www.chess.com"]

[Event "Titled Tuesday Blitz November 14 Early 2023"]
[White "elmusmolamas"]
[Black "AnnaChessLook"]
[WhiteElo "2511"]
[BlackElo "2269"]
[Result "1-0"]
[Round "2"]
[TimeControl "180+1"]
[Date "2023.11.14"]
[WhiteClock "0:00:14"]
[BlackClock "0:00:11"]
[Board "190"]

1. e4 c5 2. Nf3 d6 3. Bb5+ Nd7 4. O-O g6 5. d4 cxd4 6. Qxd4 Nf6 7. e5 dxe5 8. Nxe5 Bg7 9. Rd1 a6 10. Be2 O-O 11. Nc4 b5 12. Ne3 Bb7 13. Qh4 Qc7 14. a4 bxa4 15. Rxa4 Nb6 16. Ra3 Nbd5 17. Nc3 Nxe3 18. Bxe3 Rfd8 19. Raa1 Qc6 20. Bf3 Qc7 21. Qg3 Qxg3 22. hxg3 Bxf3 23. gxf3 Rxd1+ 24. Nxd1 e6 25. Kf1 Nd5 26. c3 Nxe3+ 27. Nxe3 Bf6 28. Ke2 Kg7 29. Kd3 h5 30. Kc2 Kf8 31. Ra4 Ke7 32. Nc4 Ra7 33. Na5 Kd6 34. Nb3 Bd8 35. Nd2 Bb6 36. Nc4+ Kc6 37. Nxb6 Kxb6 38. f4 Rc7 39. Rd4 Rc5 40. b4 Rc7 41. Kb3 a5 42. Rd6+ Kb5 43. bxa5 Kxa5 44. c4 Rb7+ 45. Kc3 Rc7 46. Kd4 Kb4 47. Rb6+ Ka5 48. Rb8 Rd7+ 49. Kc3 Rc7 50. Rb1 Rc8 51. Kd4 Rd8+ 52. Kc5 Rc8+ 53. Kd4 Rd8+ 54. Ke5 Rd7 55. Rb2 Rc7 56. Kf6 Ka4 57. c5 Ka5 58. c6 Ka6 59. Rc2 Kb6 60. f3 Kb5 61. Ke5 Kb6 62. Kd6 Ra7 63. Rb2+ Ka6 64. Ra2+ 1-0


[Site "https://www.chess.com"]

[Event "Titled Tuesday Blitz November 14 Early 2023"]
[White "disciplinedbrat"]
[Black "Novik, Maxim"]
[BlackFideId "4102924"]
[WhiteElo "2264"]
[BlackElo "2507"]
[Result "0-1"]
[Round "2"]
[TimeControl "180+1"]
[Date "2023.11.14"]
[WhiteClock "0:00:15"]
[BlackClock "0:00:58"]
[Board "191"]

1. e4 c6 2. d4 d5 3. e5 Bf5 4. h4 Qb6 5. Nc3 h5 6. Na4 Qa5+ 7. c3 e6 8. Nf3 Nh6 9. b4 Qc7 10. Bxh6 Rxh6 11. Bd3 Bg4 12. Qd2 Bxf3 13. gxf3 g6 14. Rg1 Rh8 15. Qf4 Bh6 16. Qf6 Rg8 17. Bxg6 fxg6 18. Qxe6+ Kf8 19. Nc5 Qf7 20. Qd6+ Qe7 21. Rxg6 Qxd6 22. Rxg8+ Kxg8 23. exd6 Kf7 24. Kf1 b6 25. d7 Nxd7 26. Nxd7 Bd2 27. Ne5+ Kf6 28. Nxc6 Bxc3 29. Rc1 Bd2 30. Rc2 Bf4 31. b5 a6 32. a4 axb5 33. axb5 Ra1+ 34. Kg2 Rb1 35. Na7 Kf5 36. Rc6 Rb2 37. Kf1 Bb8 38. Nc8 Rxb5 39. Rxb6 Rxb6 40. Nxb6 Ke6 41. Ke2 Ba7 42. Na4 Bxd4 43. f4 Kf6 44. f3 Ke6 45. Kd3 Bf2 46. Ke2 Bxh4 47. Nc5+ Kf5 48. Nd3 Bg3 49. Ke3 h4 50. Ne5 Bxf4+ 0-1


[Site "https://www.chess.com"]

[Event "Titled Tuesday Blitz November 14 Early 2023"]
[White "alfianasybullina"]
[Black "Hajiyev, Kanan"]
[BlackFideId "13404148"]
[WhiteElo "2261"]
[BlackElo "2506"]
[Result "1-0"]
[Round "2"]
[TimeControl "180+1"]
[Date "2023.11.14"]
[WhiteClock "0:01:33"]
[BlackClock "0:00:02"]
[Board "192"]

1. d4 d5 2. Nf3 c5 3. c3 Nc6 4. dxc5 e5 5. b4 e4 6. Nd4 Nf6 7. Nxc6 bxc6 8. Bg5 Be7 9. e3 h6 10. Bh4 a5 11. Be2 axb4 12. cxb4 O-O 13. Nc3 Ba6 14. Bxa6 Rxa6 15. a4 Qb8 16. Rb1 Ra7 17. O-O Rd8 18. Ne2 Rb7 19. Bg3 Qc8 20. Nd4 Qd7 21. b5 Bxc5 22. bxc6 Rxb1 23. Qxb1 Qe7 24. c7 Rc8 25. Qb7 Qd7 26. Nb5 Ne8 27. h3 Kh7 28. Rd1 Nd6 29. Rxd5 Qxb5 30. Qxb5 Nxb5 31. axb5 Bb6 32. Rd6 Bxc7 33. Rc6 Bxg3 34. Rxc8 1-0


[Site "https://www.chess.com"]

[Event "Titled Tuesday Blitz November 14 Early 2023"]
[White "Rodriguez Santiago, Jaime"]
[Black "Jovic, Stanoje"]
[WhiteFideId "3100898"]
[BlackFideId "905020"]
[WhiteElo "2260"]
[BlackElo "2504"]
[Result "0-1"]
[Round "2"]
[TimeControl "180+1"]
[Date "2023.11.14"]
[WhiteClock "0:00:12"]
[BlackClock "0:00:23"]
[Board "193"]

1. c4 e5 2. Nc3 Nf6 3. g3 c6 4. Nf3 e4 5. Nd4 d5 6. cxd5 cxd5 7. Bg2 Qb6 8. e3 Nc6 9. Nb3 Bg4 10. f3 exf3 11. Bxf3 Be6 12. d4 a5 13. O-O a4 14. Nd2 a3 15. b3 Nxd4 16. Na4 Rxa4 17. bxa4 Nf5 18. Qe2 Nxe3 19. Rf2 Bc5 20. Rb1 Qa7 21. Nb3 Nc4 22. Nxc5 Qxc5 23. Rb5 Qc6 24. Bg5 O-O 25. Bxf6 gxf6 26. Kg2 Re8 27. Qd3 Ne5 28. Qxa3 Rd8 29. Rb4 Kh8 30. Rd4 Nc4 31. Qc3 Qb6 32. Rxc4 dxc4 33. Qxf6+ Kg8 34. Be4 Rd6 35. Bxh7+ Kxh7 36. Rf4 Bd5+ 37. Kh3 Rxf6 38. Rxf6 Qxf6 0-1


[Site "https://www.chess.com"]

[Event "Titled Tuesday Blitz November 14 Early 2023"]
[White "Quirke, Jeffrey"]
[Black "Sreyas Payyappat"]
[WhiteFideId "2013029"]
[BlackFideId "46674969"]
[WhiteElo "2256"]
[BlackElo "2504"]
[Result "0-1"]
[Round "2"]
[TimeControl "180+1"]
[Date "2023.11.14"]
[WhiteClock "0:00:00"]
[BlackClock "0:00:02"]
[Board "194"]

1. e4 c6 2. d4 d5 3. exd5 cxd5 4. Nf3 Nc6 5. c3 Bg4 6. Be3 Nf6 7. Nbd2 e6 8. h3 Bh5 9. g4 Bg6 10. Nh4 Bd6 11. Nxg6 hxg6 12. Qf3 Qc7 13. O-O-O O-O-O 14. Kb1 e5 15. Nb3 Ne4 16. Qg2 f5 17. dxe5 Bxe5 18. gxf5 gxf5 19. h4 Bxc3 20. f3 Ng3 21. bxc3 Nxh1 22. Qxh1 Ne5 23. Nd4 Kb8 24. Qh2 Rhe8 25. Bf4 Rd6 26. Nb5 Rb6 27. Be3 Qxc3 28. Bxb6 Qxf3 29. Bxa7+ Ka8 30. Qe2 Qf4 31. Nc7+ Kxa7 32. Nxe8 Nc4 33. Nc7 Na3+ 34. Ka1 Qd4+ 35. Qb2 Qxd1+ 0-1


[Site "https://www.chess.com"]

[Event "Titled Tuesday Blitz November 14 Early 2023"]
[White "Chernomordik, Pavel"]
[Black "Dodaro, Mattia"]
[WhiteFideId "2804530"]
[BlackFideId "28583400"]
[WhiteElo "2503"]
[BlackElo "2251"]
[Result "1-0"]
[Round "2"]
[TimeControl "180+1"]
[Date "2023.11.14"]
[WhiteClock "0:00:31"]
[BlackClock "0:00:00"]
[Board "195"]

1. e4 Nc6 2. Nf3 d6 3. d4 g6 4. Nc3 Bg7 5. d5 Ne5 6. Nd4 c5 7. dxc6 Nxc6 8. Be3 Nf6 9. Be2 O-O 10. Qd2 d5 11. Nxc6 bxc6 12. e5 Ng4 13. Bxg4 Bxg4 14. f4 Qc7 15. h3 Be6 16. Na4 Rab8 17. Qc3 f6 18. Nc5 Bc8 19. Bd4 fxe5 20. Bxe5 Bxe5 21. fxe5 Rb5 22. O-O-O Rf5 23. Rde1 Qb6 24. Nd3 Be6 25. Rhf1 d4 26. Qa3 c5 27. b3 c4 28. Nf4 cxb3 29. axb3 Bxb3 30. cxb3 Rxb3 31. Qa2 g5 32. Nd5 Qc5+ 33. Kd2 Qxd5 34. Rxf5 Rd3+ 35. Kxd3 Qxa2 36. Rxg5+ Kf7 37. Re2 1-0


[Site "https://www.chess.com"]